 Dungeon Crawl Stone Soup version 0.21-a0-110-g8e1637b (webtiles) character file.

95 tilp the Firebug (level 4, -1/33 HPs)
             Began as a Hill Orc Fire Elementalist on July 9, 2017.
             Shot with an arrow by a centaur (9 damage)
             ... on level 3 of the Dungeon.
             The game lasted 00:09:20 (3400 turns).

tilp the Firebug (Hill Orc Fire Elementalist)       Turns: 3400, Time: 00:09:21

Health: -1/33      AC:  3    Str: 10    XL:     4   Next: 66%
Magic:  4/8        EV: 12    Int: 16    God:
Gold:   164        SH:  0    Dex: 11    Spells: 1/8 levels left

rFire    . . .     SeeInvis .   f - +0 short sword
rCold    . . .     Gourm    .   (no shield)
rNeg     . . .     Faith    .   a - +0 robe
rPois    .         Spirit   .   (no helmet)
rElec    .         Reflect  .   p - +0 cloak
rCorr    .         Harm     .   (no gloves)
MR       .....                  (no boots)
Stlth    ++........             (no amulet)
HPRegen  0.11/turn              (no ring)
MPRegen  0.11/turn              (no ring)

@: no status effects
A: no striking features
a: no special abilities


You were on level 3 of the Dungeon.
You were not hungry.

You visited 1 branch of the dungeon, and saw 3 of its levels.

You collected 164 gold pieces.

Inventory:

Hand Weapons
 f - a +0 short sword (weapon)
 r - a cursed -3 whip
 s - a +0 morningstar
 u - a +0 dagger
Missiles
 e - 66 stones (quivered)
Armour
 a - a +0 robe (worn)
 p - a +0 cloak (worn)
Jewellery
 m - an uncursed ring of see invisible {unknown}
Scrolls
 h - 5 scrolls of identify {unknown}
 j - 2 scrolls of blinking {unknown}
 k - a scroll of remove curse {unknown}
 l - 4 scrolls of enchant armour {unknown}
 n - 2 scrolls of teleportation {unknown}
 q - a scroll of random uselessness {unknown}
 v - a scroll of magic mapping {unknown}
 x - a scroll of immolation {unknown}
Potions
 d - 2 potions of haste {unknown}
 g - a potion of degeneration {unknown}
 i - a potion of brilliance {unknown}
 w - a potion of mutation {unknown}
Books
 b - a book of Flames

   Spells                             Type                      Level
   a - Flame Tongue                   Conjuration/Fire             1
   b - Throw Flame                    Conjuration/Fire             2
   c - Conjure Flame                  Conjuration/Fire             3
   d - Inner Flame                    Hexes/Fire                   3
   e - Sticky Flame                   Conjuration/Fire             4
   f - Fireball                       Conjuration/Fire             5
 o - a book of Cantrips

   Spells                             Type                      Level
   a - Confusing Touch                Hexes                        1
   b - Animate Skeleton               Necromancy                   1
   c - Summon Small Mammal            Summoning                    1
   d - Apportation                    Translocation                1
Comestibles
 c - 2 bread rations


   Skills:
 - Level 1.5 Dodging
 - Level 1.5 Stealth
 - Level 2.7 Spellcasting
 + Level 3.1 Conjurations
 - Level 3.2 Fire Magic


You had one spell level left.
You knew the following spells:

 Your Spells              Type           Power        Failure   Level  Hunger
a - Flame Tongue          Conj/Fire      ##...        5%          1    #......
b - Throw Flame           Conj/Fire      ##....       8%          2    ##.....
c - Conjure Flame         Conj/Fire      ##......     16%         3    ###....
d - Animate Skeleton      Necr           N/A          19%         1    #......


Dungeon Overview and Level Annotations

Branches:
Dungeon (3/15)

Altars:
Elyvilon


Message History

The arrow hits you!
* * * LOW HITPOINT WARNING * * *
Casting: Flame Tongue
Confirm with . or Enter, or press ? or * to list all spells.
Aiming: Flame Tongue
Press: ? - help, Shift-Dir - straight line, f/p - centaur
Aim: a centaur, wielding a shortbow (heavily wounded)
The flame tongue hits the centaur.
The centaur is severely wounded.
The centaur shoots an arrow.
The arrow hits you.
* * * LOW HITPOINT WARNING * * *
Casting: Flame Tongue
Confirm with . or Enter, or press ? or * to list all spells.
Aiming: Flame Tongue
Press: ? - help, Shift-Dir - straight line, f/p - centaur
Aim: a centaur, wielding a shortbow (severely wounded)
The flame tongue hits the centaur.
The centaur is severely wounded.
The centaur shoots an arrow.
The arrow hits you!
You die...

. # ##+## # ##..>## ####
##.(...## ##.##
##.......## #
#...####.........###....
.......'........@'......
#...####........<#c#....
##.## ##.......## # .
.### ##.....## .####
##...## ....# ##+##
.##.# #.# .##.# #.#
.##.##### ##.##


You could see a centaur.

Vanquished Creatures
  3 adders
  A worm (D:2)
  3 dart slugs
  3 leopard geckos
  4 orcs
  10 bats
  3 giant cockroaches
  3 goblins
  A hobgoblin (D:1)
  2 jackals (D:1)
  7 kobolds
  A quokka (D:2)
  4 frilled lizards
  11 rats
56 creatures vanquished.

Notes
Turn   | Place    | Note
-------+----------+-------------------------------------------
     0 | D:1      | tilp the Hill Orc Fire Elementalist began the quest for the Orb.
     0 | D:1      | Reached XP level 1. HP: 14/14 MP: 3/3
   237 | D:1      | Reached XP level 2. HP: 20/20 MP: 0/5
   963 | D:1      | Reached XP level 3. HP: 26/26 MP: 6/6
  1744 | D:2      | Found a white marble altar of Elyvilon.
  1847 | D:2      | Learned a level 2 spell: Throw Flame
  1851 | D:2      | Learned a level 3 spell: Conjure Flame
  1853 | D:2      | Learned a level 1 spell: Animate Skeleton
  2655 | D:2      | Reached XP level 4. HP: 33/33 MP: 4/8
  3396 | D:3      | Noticed a centaur
  3400 | D:3      | Shot with an arrow by a centaur

Vault maps used:
D:1:      dpeg_arrival_three_bigger_balls
D:2:      elyvilon_altar_5, first_bread

Skill      XL: |  1  2  3  4 |
---------------+-------------+-----
Spellcasting   | 2 |  2.7
Conjurations   | 2 3 |  3.1
Dodging        | |  1.5
Stealth        | |  1.5
Fire Magic     | |  3.2

Action                   |  1- 3 |  4- 6 || total
-------------------------+-------+-------++-------
Melee: Unarmed           |     3 |       ||     3
       Club              |    15 |       ||    15
       Short sword       |    60 |    34 ||    94
Throw: Stone             |    17 |       ||    17
 Cast: Flame Tongue      |    59 |    21 ||    80
 Stab: Sleeping          |     3 |     2 ||     5
  Eat: Chunk             |     6 |     3 ||     9
Armor: Robe              |    19 |    15 ||    34
Dodge: Dodged            |    68 |    29 ||    97
